 Dungeon Crawl Stone Soup version 0.31.0-9-g3a7656b989 (webtiles) character file.

Game seed: 5454336189063543966

8048 qw the Markself (level 11, -4/61 HPs)
             Began as a Deep Elf Hunter on Feb 2, 2024.
             Was a High Priest of Okawaru.
             Succumbed to a water moccasin's poison
             ... on level 10 of the Dungeon.
             The game lasted 00:00:34 (7818 turns).

qw the Markself (Deep Elf Hunter)                   Turns: 7818, Time: 00:00:34

Health: -4/61      AC:  7    Str: 12    XL:     11   Next: 4%
Magic:  20/20      EV: 15    Int: 15    God:    Okawaru [*****.]
Gold:   691        SH:  0    Dex: 24    Spells: 10/10 levels left

rFire   . . .        c - +2 arbalest (heavy)
rCold   + . .        (shield currently unavailable)
rNeg    + . .        m - +1 ring mail {rC+}
rPois   .            (no helmet)
rElec   +            q - +0 cloak of the Illusory Stars {rElec rN+}
rCorr   .            (no gloves)
SInv    +            (no boots)
Will    +....        t - amulet of faith
Stlth   ++           p - ring of see invisible
HPRegen 0.30/turn    o - +6 ring of dexterity
MPRegen 0.17/turn

%: faith
@: lethally poisoned (-4 -> -33), about to teleport
A: no striking features
a: Renounce Religion, Heroism, Finesse, Duel


You were on level 10 of the Dungeon.
You worshipped Okawaru.
Okawaru was extremely pleased with you.
You visited 2 branches of the dungeon, and saw 11 of its levels.
You also visited: Sewer.

You collected 1207 gold pieces.
You spent 516 gold pieces at shops.


   Skills:
 - Level 4.0 Fighting
 + Level 16.9 Ranged Weapons
 - Level 1.0 Armour
 - Level 7.2 Dodging
 - Level 1.2 Stealth
 + Level 9.6 Invocations


You had 10 spell levels left.
You didn't know any spells.
Your spell library was empty.

Inventory:

Hand Weapons
 c - a +2 heavy arbalest (weapon)
Armour
 i - a +1 cloak
 m - a +1 ring mail of cold resistance (worn)
 q - the +0 cloak of the Illusory Stars (worn) {rElec rN+}
   (You acquired it on level 6 of the Dungeon)

   rElec:     It insulates you from electricity.
   rN+:       It protects you from negative energy.
 x - +0 acid dragon scales
Jewellery
 a - an amulet of regeneration
 g - a ring of fire
 n - the amulet of Elemental Vulnerability {rPois rF-- rC-- AC+8}
   (You found it on level 5 of the Dungeon)

   [amulet of nothing]

   AC+8:      It affects your AC (+8).
   rF--:      It makes you very vulnerable to fire.
   rC--:      It makes you very vulnerable to cold.
   rPois:     It protects you from poison
 o - a +6 ring of dexterity (right hand)
 p - a ring of see invisible (left hand)
 r - a ring of positive energy
 t - an amulet of faith (around neck)
 w - an amulet of guardian spirit
 Y - a ring of willpower
Wands
 k - a wand of quicksilver (12)
 s - a wand of iceblast (8)
Scrolls
 d - 5 scrolls of identify
 e - a scroll of brand weapon
 h - 4 scrolls of teleportation
Potions
 b - 4 potions of might
 f - a potion of heal wounds
 j - 2 potions of resistance
 l - 2 potions of curing
 u - a potion of haste
 v - a potion of enlightenment

Dungeon Overview and Level Annotations

Branches:
Dungeon (10/15)            Temple (1/1) D:4           Sewer (visited)
   Lair: D:8-11         Orc: D:9-12

Altars:
Ashenzari
Cheibriados
Dithmenos
Elyvilon
Fedhas
Gozag
Hepliaklqana
Kikubaaqudgha
Makhleb
Nemelex Xobeh
Okawaru
Qazlal
Ru
Sif Muna
Trog
Uskayaw
Vehumet
Wu Jian
Xom
Yredelemnul
Zin
The Shining One

Shops:
D:4 [!*?   D:5 [   D:6 *

Annotations:
D:10 1 runed translucent door


Message History

You feel sick.
You hear a shout!
A nearby plant withers and dies.
The water moccasin bites you but does no damage.
A komodo dragon comes into view.
The water moccasin completely misses you.
The kobold brigand hits you with a +0 club.
Enter note:
Enter note:
Enter note:
Enter note:
7815 ||| RETREEEEATING.
You feel sick.
The water moccasin attacks as it pursues you!
The water moccasin barely misses you.
You shoot a bolt.
The bolt closely misses the water moccasin.
You feel sick.
You are no longer poisoned.
The water moccasin closely misses you. The water moccasin bites you.
The water moccasin closely misses you. The kobold brigand closely misses you.
The water moccasin bites you.
You are poisoned.
The water moccasin poisons you! The kobold brigand barely misses you.
The water moccasin barely misses you.
You shoot a bolt.
The bolt barely misses the water moccasin.
The bolt barely misses the kobold.
You feel very sick. The water moccasin bites you. x2
You are lethally poisoned!
The water moccasin poisons you!
The kobold brigand hits you but does no damage.
The water moccasin barely misses you. The water moccasin bites you.
You are more poisoned.
The water moccasin poisons you!
7818 ||| READING 5 scrolls of teleportation.
As you read the scroll of teleportation, it crumbles to dust.
You feel strangely unstable.
You die...

...PPl.P P.##.# .......
#.##.#.# ##.P... #.##.#.#
#.....~ ##.##.#.# #....)#
#...#.#.# #....>##### #...#.#.#
#.>.K%....# #...#.#.#
#..KSS....####'##.#.#
#...@..........##.#.#
#....................
#..............###...
#.........###### #...
#.........# #...
###########.........### #...
#.........#...........# ####
#......!..#######...##########
#.........######...##........##


You could see 2 water moccasins, a kobold brigand and a kobold.

Vanquished Creatures
  Erica (D:8)
  A two-headed ogre (D:9)
  Maggie (D:7)
  2 hornets
  Prince Ribbit (D:5)
  Grinder (D:5)
  3 wyverns
  6 yaks (D:8)
  A steam dragon (D:9)
  An acid dragon (D:10)
  4 water moccasins
  2 sky beasts (D:7)
  5 black bears
  2 orc warriors
  5 centaurs
  2 ogres
  A phantom (D:4)
  A kobold brigand (D:9)
  7 bullfrogs
  4 scorpions
  6 wights
  6 killer bees (D:9)
  5 howler monkeys
  An electric eel (D:10)
  A jelly (D:6)
  A hound (D:5)
  2 bombardier beetles
  3 orc priests
  A gnoll bouda (D:6)
  5 iguanas
  6 orc wizards
  2 sleepcaps
  A hell rat (Sewer)
  3 gnolls (D:6)
  2 river rats (Sewer)
  4 adders
  3 white imps
  4 ufetubi
  3 ribbon worms (D:3)
  26 orcs
  4 ball pythons
  6 bats
  8 endoplasms
  4 giant cockroaches (D:5)
  10 goblins
  4 hobgoblins
  9 kobolds
  5 quokkas
  4 frilled lizards
  10 rats
200 creatures vanquished.

Notes
Turn   | Place    | Note
-------+----------+-------------------------------------------
     0 | D:1      | qw the Deep Elf Hunter began the quest for the Orb.
     0 | D:1      | Reached XP level 1. HP: 12/12 MP: 3/3
     0 | D:1      | 0 ||| qw: Version: 0.3-a-155-g5e7d8dd
     0 | D:1      | 0 ||| qw: Game counter: 565
     0 | D:1      | 0 ||| qw: Melee chars always use a shield: true
     0 | D:1      | 0 ||| qw: God list: Okawaru
     0 | D:1      | 0 ||| qw: Allow faded altars: false
     0 | D:1      | 0 ||| qw: Do Orc after clearing Dungeon:15 true
     0 | D:1      | 0 ||| qw: Do second Lair branch before Depths: true
     0 | D:1      | 0 ||| qw: Lair rune preference: random
     0 | D:1      | 0 ||| qw: Goals: Normal
     0 | D:1      | 0 ||| PLANNING D:1-11
    94 | D:1      | Reached skill level 6 in Ranged Weapons
    94 | D:1      | Reached XP level 2. HP: 16/16 MP: 4/4
   661 | D:1      | 661 ||| UPGRADING to +0 ring mail.
   671 | D:1      | 671 ||| DROPPING +0 leather armour.
   672 | D:1      | 672 ||| UPGRADING to +0 cloak.
   677 | D:1      | 677 ||| UPGRADING to ring of willpower.
   678 | D:1      | 678 ||| READING scroll labelled MITAPL RIUSOU.
   679 | D:1      | 679 ||| READING scroll labelled AKUDIO TEMPEWK.
   682 | D:1      | 682 ||| READING scroll labelled ULUIHU WOIMN.
   682 | D:1      | Identified a scroll of acquirement
   682 | D:1      | 682 ||| ACQUIRING +0 arbalest of electrocution
   682 | D:1      | Acquired a +0 arbalest of electrocution
   684 | D:1      | 684 ||| SWAPPING to +0 arbalest of electrocution.
   685 | D:1      | 685 ||| DROPPING +0 shortbow.
   686 | D:1      | 686 ||| READING scroll labelled METOUH SUCENK.
   686 | D:1      | 686 ||| ENCHANTING +0 cloak.
   687 | D:1      | 687 ||| READING scroll labelled CUCSIQ VOUDOLE.
   687 | D:1      | 687 ||| ENCHANTING +0 arbalest of electrocution.
   688 | D:1      | 688 ||| READING scroll labelled VOEDIPLYAS.
   689 | D:1      | 689 ||| READING scroll labelled ICUADI IROD.
   689 | D:1      | 689 ||| BRANDING +1 arbalest of electrocution.
   690 | D:1      | 690 ||| DROPPING scroll of butterflies.
   739 | D:2      | 739 ||| READING scroll of acquirement.
   739 | D:2      | 739 ||| ACQUIRING 729 gold pieces
   739 | D:2      | Acquired 729 gold pieces
   757 | D:2      | Found a faded altar of an unknown god.
   952 | D:2      | Reached XP level 3. HP: 19/20 MP: 5/5
  1346 | D:2      | 1346 ||| UPGRADING to amulet of regeneration.
  1351 | D:2      | 1351 ||| DROPPING amulet of the acrobat.
  1352 | D:2      | 1352 ||| READING scroll labelled ZEADWAIPNOD.
  1353 | D:2      | 1353 ||| READING scroll labelled PIANWOE KIROU.
  1354 | D:2      | 1354 ||| DRINKING 2 ruby potions.
  1355 | D:2      | 1355 ||| DROPPING potion of degeneration.
  1388 | D:3      | 1388 ||| STAIRDANCE
  1393 | D:2      | Reached skill level 7 in Ranged Weapons
  1396 | D:3      | 1396 ||| STAIRDANCE
  1753 | D:3      | Reached XP level 4. HP: 23/25 MP: 6/6
  2025 | D:3      | 2025 ||| READING scroll labelled BUCIDI SUMY.
  2026 | D:3      | 2026 ||| READING scroll labelled HUOPTE PENNUGATA.
  2027 | D:3      | 2027 ||| READING scroll labelled KIASHR EHUT.
  2128 | D:3      | 2128 ||| READING scroll labelled SOBIOBL AJIFE.
  2128 | D:3      | 2128 ||| IDENTIFYING bubbling pink potion
  2129 | D:3      | 2129 ||| DROPPING potion of invisibility.
  2133 | D:4      | 2133 ||| STAIRDANCE
  2144 | D:4      | 2144 ||| STAIRDANCE
  2307 | D:4      | Found an ancient bone altar of Kikubaaqudgha.
  2309 | D:4      | Found a shimmering altar of Xom.
  2310 | D:4      | Found a white marble altar of Elyvilon.
  2311 | D:4      | Found a hide-covered altar of Uskayaw.
  2312 | D:4      | Found a shadowy altar of Dithmenos.
  2313 | D:4      | Found a radiant altar of Vehumet.
  2314 | D:4      | Found a sacrificial altar of Ru.
  2437 | D:4      | Found Gitenar's Magic Scroll Shoppe.
  2439 | D:4      | Found Myokoho's Distillery.
  2439 | D:4      | Found Entud's Armour Shoppe.
  2439 | D:4      | Found Goxaenn's General Store.
  2445 | D:4      | 2445 ||| BUYING scroll of identify (26 gold).
  2445 | D:4      | Bought a scroll of identify for 26 gold pieces
  2445 | D:4      | 2445 ||| BUYING scroll of identify (26 gold).
  2445 | D:4      | Bought a scroll of identify for 26 gold pieces
  2445 | D:4      | 2445 ||| BUYING scroll of identify (26 gold).
  2445 | D:4      | Bought a scroll of identify for 26 gold pieces
  2445 | D:4      | 2445 ||| BUYING scroll of identify (26 gold).
  2445 | D:4      | Bought a scroll of identify for 26 gold pieces
  2448 | D:4      | 2448 ||| BUYING potion of curing (39 gold).
  2448 | D:4      | Bought a potion of curing for 39 gold pieces
  2451 | D:4      | Reached skill level 8 in Ranged Weapons
  2452 | D:4      | 2452 ||| BUYING +0 ring mail of cold resistance (143 gold).
  2452 | D:4      | Bought a +0 ring mail of cold resistance for 143 gold
                  | pieces
  2452 | D:4      | 2452 ||| SHOPLISTING +2 hood of the Assassin {Detect Stab+
                  | Stlth++} (780 gold, have 555).
  2455 | D:4      | 2455 ||| SHOPLISTING +2 helmet of Bitant {rC++ Str+2} (561
                  | gold, have 555).
  2455 | D:4      | 2455 ||| BUYING potion of resistance (130 gold).
  2455 | D:4      | Bought a potion of resistance for 130 gold pieces
  2455 | D:4      | 2455 ||| SHOPLISTING scroll of acquirement (676 gold, have
                  | 425).
  2455 | D:4      | 2455 ||| BUYING scroll of teleportation (39 gold).
  2455 | D:4      | Bought a scroll of teleportation for 39 gold pieces
  2508 | D:4      | Reached XP level 5. HP: 28/29 MP: 7/7
  2523 | D:4      | Noticed a phantom
  2524 | D:4      | 2524 ||| ZAPPING wand of quicksilver (19) at 4,5 (phantom;
                  | floor).
  2526 | D:4      | 2526 ||| ZAPPING wand of quicksilver (18) at 3,2 (phantom;
                  | floor).
  2526 | D:4      | Killed a phantom
  2527 | D:4      | Reached skill level 9 in Ranged Weapons
  2536 | D:4      | Found a staircase to the Ecumenical Temple.
  2537 | D:4      | 2537 ||| PLANNING TEMPLE
  2538 | D:4      | 2538 ||| UPGRADING to +0 ring mail of cold resistance.
  2548 | D:4      | 2548 ||| DROPPING +0 ring mail.
  2549 | D:4      | 2549 ||| READING 6 scrolls of identify.
  2549 | D:4      | 2549 ||| IDENTIFYING fuming dark potion
  2550 | D:4      | 2550 ||| DROPPING potion of ambrosia.
  2559 | Temple   | Entered the Ecumenical Temple
  2560 | Temple   | 2560 ||| PLANNING OKAWARU WORSHIP
  2582 | Temple   | Became a worshipper of Warmaster Okawaru
  2583 | Temple   | 2583 ||| PLANNING D:1-11
  2857 | D:4      | Reached XP level 6. HP: 35/35 MP: 8/8
  3316 | D:5      | Entered Level 5 of the Dungeon
  3317 | D:5      | 3317 ||| PLANNING SEWER
  3319 | D:5      | 3319 ||| STAIRDANCE
  3334 | D:5      | Noticed Grinder
  3335 | D:5      | 3335 ||| ZAPPING wand of quicksilver (17) at 5,2 (Grinder;
                  | floor).
  3336 | D:5      | 3336 ||| ZAPPING wand of quicksilver (16) at 4,1 (Grinder;
                  | floor).
  3337 | D:5      | 3337 ||| ZAPPING wand of quicksilver (15) at 4,1 (Grinder;
                  | floor).
  3339 | D:5      | 3339 ||| ZAPPING wand of quicksilver (14) at 2,0 (Grinder;
                  | floor).
  3340 | D:5      | 3340 ||| ZAPPING wand of quicksilver (13) at 2,0 (Grinder;
                  | floor).
  3340 | D:5      | Killed Grinder
  3340 | D:5      | Reached * piety under Okawaru
  3341 | D:5      | Reached skill level 10 in Ranged Weapons
  3341 | D:5      | Reached XP level 7. HP: 40/40 MP: 9/9
  3475 | D:5      | Reached skill level 3 in Dodging
  3475 | D:5      | Reached skill level 1 in Invocations
  3559 | D:5      | Found a glowing drain.
  3560 | D:5      | 3560 ||| READING 6 scrolls of identify.
  3560 | D:5      | 3560 ||| IDENTIFYING fizzy golden potion
  3561 | D:5      | 3561 ||| READING 5 scrolls of identify.
  3561 | D:5      | 3561 ||| IDENTIFYING scroll labelled AVICERH YNYARCH
  3562 | D:5      | 3562 ||| DROPPING potion of brilliance.
  3563 | D:5      | 3563 ||| DROPPING scroll of revelation.
  3571 | Sewer    | Entered a sewer
  3603 | Sewer    | Reached skill level 1 in Armour
  3635 | Sewer    | 3635 ||| READING 4 scrolls of identify.
  3635 | Sewer    | 3635 ||| IDENTIFYING bubbling clear potion
  3636 | Sewer    | 3636 ||| DROPPING potion of attraction.
  3644 | D:5      | 3644 ||| PLANNING D:1-11
  3659 | D:5      | Noticed Prince Ribbit
  3660 | D:5      | 3660 ||| INVOKING Heroism.
  3672 | D:5      | 3672 ||| INVOKING Heroism.
  3673 | D:5      | Killed Prince Ribbit
  3673 | D:5      | Reached ** piety under Okawaru
  3674 | D:5      | Reached skill level 11 in Ranged Weapons
  3674 | D:5      | Reached skill level 3 in Invocations
  3784 | D:5      | Found the amulet of Elemental Vulnerability {rPois rF--
                  | rC-- AC+8}
  3807 | D:5      | Reached XP level 8. HP: 44/44 MP: 11/13
  4060 | D:5      | Reached skill level 12 in Ranged Weapons
  4096 | D:5      | Found Cosan's Antique Armour Shop.
  4177 | D:5      | 4177 ||| READING 3 scrolls of identify.
  4177 | D:5      | 4177 ||| IDENTIFYING lumpy amethyst potion
  4178 | D:5      | 4178 ||| READING 2 scrolls of identify.
  4178 | D:5      | 4178 ||| IDENTIFYING 2 smoky coppery potions
  4195 | D:6      | Identified the +5 battleaxe "Yxzur" {freeze, rN+ Dex+5}
  4347 | D:6      | 4347 ||| READING scroll of acquirement.
  4347 | D:6      | 4347 ||| ACQUIRING +0 cloak of the Illusory Stars {rElec
                  | rN+}
  4347 | D:6      | Acquired the +0 cloak of the Illusory Stars {rElec rN+}
  4349 | D:6      | 4349 ||| UPGRADING to +0 cloak of the Illusory Stars {rElec
                  | rN+}.
  4378 | D:6      | Found Iceirch's Elemental Accessories.
  4390 | D:6      | 4390 ||| BUYING wand of flame (8) (61 gold).
  4390 | D:6      | Bought a wand of flame (8) for 61 gold pieces
  4397 | D:6      | Found a broken altar of Ashenzari.
  4417 | D:6      | Reached skill level 3 in Fighting
  4451 | D:6      | HP: 11/46 [water moccasin (3)]
  4452 | D:6      | 4452 ||| READING 5 scrolls of teleportation.
  4453 | D:6      | 4453 ||| DRINKING potion of heal wounds.
  4455 | D:6      | 4455 ||| FLEEEEING.
  4456 | D:6      | 4456 ||| FLEEEEING.
  4457 | D:6      | 4457 ||| FLEEEEING.
  4458 | D:6      | 4458 ||| FLEEEEING.
  4461 | D:6      | 4461 ||| FLEEEEING.
  4462 | D:6      | 4462 ||| FLEEEEING.
  4640 | D:6      | Reached skill level 13 in Ranged Weapons
  4956 | D:6      | Reached *** piety under Okawaru
  4978 | D:6      | 4978 ||| UPGRADING to +6 ring of dexterity.
  4979 | D:6      | 4979 ||| UPGRADING to ring of see invisible.
  4981 | D:6      | 4981 ||| READING 6 scrolls of identify.
  4981 | D:6      | 4981 ||| IDENTIFYING scroll labelled MOSA BAFADE
  4982 | D:6      | 4982 ||| DROPPING scroll of amnesia.
  5017 | D:7      | Noticed Maggie
  5018 | D:7      | 5018 ||| INVOKING Heroism.
  5023 | D:7      | Killed Maggie
  5024 | D:7      | Reached skill level 14 in Ranged Weapons
  5024 | D:7      | Reached XP level 9. HP: 29/50 MP: 12/14
  5081 | D:7      | Reached skill level 6 in Dodging
  5361 | D:7      | Reached **** piety under Okawaru
  5362 | D:7      | Reached skill level 15 in Ranged Weapons
  5539 | D:7      | 5539 ||| UPGRADING to amulet of faith.
  5549 | D:7      | 5549 ||| READING 5 scrolls of identify.
  5549 | D:7      | 5549 ||| IDENTIFYING smoky cyan potion
  5550 | D:7      | 5550 ||| READING 4 scrolls of identify.
  5550 | D:7      | 5550 ||| IDENTIFYING fuming ruby potion
  5551 | D:7      | 5551 ||| DROPPING wand of flame (8).
  5552 | D:7      | 5552 ||| DROPPING potion of lignification.
  5701 | D:8      | Noticed Erica
  5702 | D:8      | 5702 ||| INVOKING Finesse.
  5703 | D:8      | 5703 ||| INVOKING Finesse.
  5708 | D:8      | Killed Erica
  5709 | D:8      | Reached skill level 6 in Invocations
  5709 | D:8      | Reached XP level 10. HP: 56/56 MP: 10/16
  5814 | D:8      | 5814 ||| READING scroll of enchant weapon.
  5814 | D:8      | 5814 ||| ENCHANTING +1 heavy arbalest.
  5989 | D:8      | 5989 ||| RETREEEEATING.
  5993 | D:8      | Reached ***** piety under Okawaru
  5995 | D:8      | 5995 ||| RETREEEEATING.
  5996 | D:8      | 5996 ||| RETREEEEATING.
  5998 | D:8      | 5998 ||| RETREEEEATING.
  5999 | D:8      | 5999 ||| RETREEEEATING.
  6000 | D:8      | 6000 ||| RETREEEEATING.
  6001 | D:8      | 6001 ||| RETREEEEATING.
  6002 | D:8      | HP: 12/56 [yak (10)]
  6003 | D:8      | 6003 ||| READING 5 scrolls of teleportation.
  6004 | D:8      | 6004 ||| DRINKING 2 potions of heal wounds.
  6408 | D:8      | 6408 ||| READING 5 scrolls of identify.
  6408 | D:8      | 6408 ||| IDENTIFYING black potion
  6654 | D:9      | Reached skill level 16 in Ranged Weapons
  6676 | D:9      | Received a gift from Okawaru
  6707 | D:9      | Found a flagged portal.
  6868 | D:9      | HP: 12/56 [killer bee (6)]
  6869 | D:9      | 6869 ||| READING 4 scrolls of teleportation.
  6870 | D:9      | 6870 ||| DRINKING potion of heal wounds.
  6873 | D:9      | 6873 ||| DRINKING 3 potions of curing.
  6873 | D:9      | 6873 ||| (to cure poison)
  7114 | D:9      | Noticed a two-headed ogre
  7115 | D:9      | 7115 ||| INVOKING Finesse.
  7118 | D:9      | Killed a two-headed ogre
  7119 | D:9      | Reached skill level 9 in Invocations
  7316 | D:10     | Entered Level 10 of the Dungeon
  7417 | D:10     | Paralysed by a hornet for 1 turns
  7419 | D:10     | 7419 ||| INVOKING Finesse.
  7494 | D:10     | Found a runed translucent door.
  7495 | D:10     | Noticed a boulder beetle
  7555 | D:10     | Reached XP level 11. HP: 46/61 MP: 20/20
  7630 | D:10     | 7630 ||| READING scroll of enchant armour.
  7630 | D:10     | 7630 ||| ENCHANTING +0 ring mail of cold resistance.
  7815 | D:10     | 7815 ||| RETREEEEATING.
  7817 | D:10     | HP: 13/61 [water moccasin (6)]
  7817 | D:10     | HP: 2/61 [water moccasin (6)]
  7818 | D:10     | 7818 ||| READING 5 scrolls of teleportation.
  7818 | D:10     | Succumbed to a water moccasin's poison

Levels and vault maps discovered:
D:1:      saegor_arrival_simple_d, layout_basic, corexii_item_surrounded_by_moat
D:2:      layout_loops_ring, shapermc_ecumenical_altar_notcrosses
D:3:      layout_loops_ring, grunt_decor_resistance
D:4:      wad_lake_hut, layout_basic, minitemple,
          minmay_temple_entry_large_hall, minmay_shop_grid_forest,
          eino_tiny_chamber
D:5:      layout_loops_cross, portal_sewer_entry_f, serial_library,
          serial_library_hellmonk_reading_circle,
          serial_library_regret_index_multi, serial_library_hellmonk_hallway_a,
          serial_library_regret_index_multi,
          serial_library_hellmonk_double_dead_end,
          serial_library_hellmonk_room_c, serial_library_hellmonk_secret_room,
          serial_library_hellmonk_small_corner,
          serial_library_regret_index_multi, serial_shops, shop,
          uniq_prince_ribbit1, uniq_grinder
D:6:      layout_loops_cross, mainiacjoe_overflow_tiny_flanked, serial_library,
          serial_library_hellmonk_small_alcove,
          serial_library_regret_index_small_wings,
          serial_library_hellmonk_semicircle,
          serial_library_hellmonk_open_cross,
          serial_library_regret_index_branch_corner,
          serial_library_hellmonk_recessed_alcove,
          serial_library_hellmonk_room_b, serial_library_hellmonk_hallway_b,
          nicolae_elemental_shop
D:7:      layout_loops_ring, uniq_maggie
D:8:      layout_basic, minivault_21, uniq_erica
D:9:      layout_roguey, enter_bailey_3, grunt_ministairs_14, bh_walls_and_bars
D:10:     gammafunk_indiana_jones, layout_basic, due_lair_maze_entry_diamond,
          wad_hexagon
Temple:   minmay_temple_curvy_branch

Skill      XL: |  1  2  3  4  5  6  7  8  9 10 |
---------------+-------------------------------+-----
Ranged Weapons | 6 7 8 9 10 11 14 15 16 | 16.9
Fighting       | 2 3 4 |  4.0
Dodging        | 3 5 7 |  7.2
Invocations    | 4 6 9 |  9.6
Armour         | 1 |  1.0
Stealth        | |  1.2

Action                     |  1- 3 |  4- 6 |  7- 9 | 10-12 || total
---------------------------+-------+-------+-------+-------++-------
   Fire: Shortbow          |    77 |       |       |       ||    77
         Arbalest          |    41 |    48 |   153 |   118 ||   360
 Invoke: Heroism           |       |       |     3 |       ||     3
         Finesse           |       |       |     1 |     2 ||     3
  Evoke: Wand              |       |     7 |       |       ||     7
    Use: Scroll            |    10 |     5 |    10 |     6 ||    31
         Potion            |     1 |       |     1 |     3 ||     5
 Armour: Leather armour    |    13 |       |       |       ||    13
         Ring mail         |    33 |    57 |    67 |    69 ||   226
  Dodge: Dodged            |    52 |    37 |    60 |    74 ||   223

Table legend:
 A = Non-vault XP
 B = Vault XP
 C = Vault XP percentage of total XP
 D = Non-vault monster count
 E = Vault monster count
 F = Vault count percentage of total count
                 A         B        C        D         E       F
            +---------+---------+-------+---------+---------+-------
      Total |    8686 |    2812 |  24.5 |     168 |      32 |  16.0
            +---------+---------+-------+---------+---------+-------
        D:1 |      36 |       0 |   0.0 |      22 |       0 |   0.0
        D:2 |      39 |       0 |   0.0 |       8 |       0 |   0.0
        D:3 |      54 |       0 |   0.0 |      18 |       0 |   0.0
        D:4 |     354 |       0 |   0.0 |      18 |       0 |   0.0
        D:5 |     574 |     560 |  49.4 |      13 |       7 |  35.0
        D:6 |     825 |       0 |   0.0 |      16 |       0 |   0.0
        D:7 |    1631 |     398 |  19.6 |      22 |       1 |   4.3
        D:8 |    2274 |     850 |  27.2 |      24 |       1 |   4.0
        D:9 |    2481 |     216 |   8.0 |      23 |      11 |  32.4
       D:10 |     418 |     721 |  63.3 |       4 |       4 |  50.0
      Sewer |       0 |      67 | 100.0 |       0 |       8 | 100.0
            +---------+---------+-------+---------+---------+-------
